 Dungeon Crawl Stone Soup version 0.26.1-11-gd32895ea62 (webtiles) character file.

Game seed: 13771512888110795935

204 alexmat1513 the Covered (level 5, -1/49 HPs)
             Began as a Deep Dwarf Fighter on May 25, 2021.
             Slain by an orc warrior
             ... wielding a +0 battleaxe
              (11 damage)
             ... on level 3 of the Dungeon.
             The game lasted 00:04:56 (2562 turns).

alexmat1513 the Covered (Deep Dwarf Fighter)        Turns: 2562, Time: 00:04:56

Health: -1/49      AC: 11    Str: 21    XL:     5   Next: 52%
Magic:  2/2        EV:  6    Int:  8    God:
Gold:   171        SH:  9    Dex: 12    Spells: 4/4 levels left

rFire    . . .     SeeInvis .   a - +0 war axe
rCold    . . .     Faith    .   c - +0 kite shield
rNeg     . . .     Spirit   .   f - +0 chain mail
rPois    .         Reflect  .   (no helmet)
rElec    .         Harm     .   t - +0 cloak
rCorr    .         Rampage  .   j - +0 pair of gloves
Will     .....                  (no boots)
Stlth    ..........             (no amulet)
HPRegen  0.00/turn              b - ring of attention
MPRegen  0.08/turn              (no ring)

@: non-regenerating
A: damage resistance, heal wounds, sense surroundings 1, no regeneration
a: Heal Wounds


You were on level 3 of the Dungeon.
You visited 1 branch of the dungeon, and saw 3 of its levels.

You collected 171 gold pieces.

Inventory:

Hand Weapons
 a - a +0 war axe (weapon)
 r - a +0 hunting sling
Missiles
 n - 16 sling bullets
Armour
 c - a +0 kite shield (worn)
 f - a +0 chain mail (worn)
 j - a +0 pair of gloves (worn)
 p - a +0 plate armour
 t - a +0 cloak (worn)
Jewellery
 b - a ring of attention (left hand)
Scrolls
 e - a scroll of blinking
 g - a scroll of teleportation
 h - a scroll of fog
 i - 2 scrolls of remove curse
 l - a scroll of fear {unknown}
 s - a scroll of random uselessness {unknown}
Potions
 d - 3 potions of might
 k - a potion of magic
 m - a potion of berserk rage {unknown}
 o - 2 potions of brilliance {unknown}
 q - a potion of degeneration {unknown}


   Skills:
 * Level 3.2 Fighting
 * Level 4.1 Axes
 * Level 1.5 Slings
 * Level 4.2 Armour
 * Level 1.7 Dodging
 + Level 3.7 Shields


You had 4 spell levels left.
You didn't know any spells.
Your spell library was empty.

Dungeon Overview and Level Annotations

Branches:
Dungeon (3/15)

Altars:


Innate Abilities, Weirdness & Mutations

You are resistant to damage.
You can heal yourself by infusing magical energy.
You passively map a small area around you.
You do not regenerate.


Message History

The orc priest calls down the wrath of Beogh upon you.
You struggle to resist.
The orc barely misses you.
Your shield and chain mail prevent you from hitting the orc priest.
The orc priest is almost dead.
You closely miss the orc.
Your chain mail prevents you from hitting the orc warrior.
The orc warrior splashes around in the water.
The orc priest calls down the wrath of Beogh upon you.
Beogh smites you!
* * * LOW HITPOINT WARNING * * *
You block the orc's attack.
You slice the orc priest!!
You kill the orc priest!
You hear a splash.
You slash the orc!
You kill the orc!
You hear a splash. x2
You completely miss the orc warrior.
The orc warrior hits you with a +0 battleaxe!
You die...

.##..)....#..#
######.......#
.##.((....#..#
#######.......#
.##.#######..#
#.......≈..≈≈.# ...(#
#..# #..†≈.≈....≈≈.#
....#######..#
#≈≈≈≈≈≈≈≈≈≈≈≈≈#
(............#
#≈≈≈≈≈≈≈≈≈≈≈.≈#
#....######.##
#≈.≈≈≈≈≈≈≈≈≈≈.# #....#
#.# #.)≈≈≈≈.≈≈≈≈≈.#
#....######.#
#@)≈≈≈♣_≈≈≈≈≈≈#
#.........#.#
#)o≈≈≈≈♣≈≈≈≈≈≈#
#.........#.#
#≈≈≈≈≈≈≈≈≈≈
###.......#.# #.(≈≈≈≈≈≈≈
.##.......#.# #.(≈≈≈≈≈≈≈
, * .##.....).#.#
#.≈...≈.≈.
.#####..###+####≈(≈.....
..# ##........(...(####
..#####)......o ,


You could see an orc warrior.

Vanquished Creatures
  A bullfrog (D:3)
  A hound (D:3)
  An orc priest (D:3)
  An adder (D:3)
  4 oozes
  A worm (D:2)
  A dart slug (D:3)
  A leopard gecko (D:3)
  3 orcs (D:3)
  A ball python (D:2)
  2 bats
  8 giant cockroaches
  6 goblins
  10 hobgoblins
  7 jackals
  10 kobolds
  2 quokkas (D:2)
  2 frilled lizards (D:2)
  3 rats
  2 bushes (D:1)
67 creatures vanquished.

Vanquished Creatures (others)
  A plant (D:1)
1 creature vanquished.

Grand Total: 68 creatures vanquished

Notes
Turn   | Place    | Note
-------+----------+-------------------------------------------
     0 | D:1      | alexmat1513 the Deep Dwarf Fighter began the quest for the
                  | Orb.
     0 | D:1      | Reached XP level 1. HP: 20/20 MP: 1/1
   386 | D:1      | Reached XP level 2. HP: 24/27 MP: 2/2
  1125 | D:2      | Reached XP level 3. HP: 29/33 MP: 3/3
  1954 | D:3      | Reached skill level 1 in Dodging
  1997 | D:3      | Reached XP level 4. HP: 36/42 MP: 4/4
  2121 | D:3      | Noticed a bullfrog
  2134 | D:3      | Killed a bullfrog
  2135 | D:3      | Reached XP level 5. HP: 34/49 MP: 5/5
  2504 | D:3      | Found a faded altar of an unknown god.
  2522 | D:3      | Reached skill level 1 in Slings
  2536 | D:3      | Noticed an orc warrior
  2562 | D:3      | Slain by an orc warrior

Illustrated notes

Levels and vault maps discovered:
D:1:      dpeg_arrival_round_b, layout_rooms, serial_forest,
          infiniplex_forest_clump_long, infiniplex_forest_straight_4,
          infiniplex_forest_clump_medium, infiniplex_forest_straight_1,
          infiniplex_forest_join, infiniplex_forest_corner_1,
          infiniplex_forest_straight_5, minmay_fountain_box,
          hangedman_decor_clover_reticule, roderic_serpentine_path
D:2:      layout_basic
D:3:      layout_basic, marbit_many_paths, chequers_ecumenical_altar_island

Skill      XL: |  1  2  3  4  5 |
---------------+----------------+-----
Fighting       | 3 |  3.2
Axes           | 3 4 |  4.1
Dodging        | 1 |  1.7
Armour         | 4 |  4.2
Slings         | 1 |  1.5
Shields        | |  3.7

Action                   |  1- 3 |  4- 6 || total
-------------------------+-------+-------++-------
Melee: War axe           |   207 |    49 ||   256
 Fire: Hunting sling     |       |    50 ||    50
 Abil: Heal Wounds       |       |     5 ||     5
  Use: Scroll            |     5 |       ||     5
Armor: Chain mail        |    73 |    35 ||   108
       Scale mail        |     1 |       ||     1
Dodge: Dodged            |    35 |    25 ||    60
Block: Kite shield       |    59 |    34 ||    93
